 Dungeon Crawl Stone Soup version 0.30.1-11-g7821555f0a (webtiles) character file.

Game seed: 2812269399700347107

13554 Glitchless the Basher (level 11, 0/151 HPs)
             Began as a Minotaur Berserker on Dec 9, 2023.
             Was an Elder of Trog.
             Slain by a blink frog (15 damage)
             ... on level 1 of the Lair of Beasts.
             The game lasted 00:28:51 (13612 turns).

Glitchless the Basher (Minotaur Berserker)         Turns: 13612, Time: 00:28:51

Health: 0/151      AC:  5    Str: 26    XL:     11   Next: 77%
Magic:  10/10      EV: 14    Int:  4    God:    Trog [****..]
Gold:   654        SH:  0    Dex: 10    Spells: 10/10 levels left

rFire   . . .        b - +1 war axe (venom)
rCold   . . .        (no shield)
rNeg    . . .        t - +1 robe {Will+}
rPois   .            (helmet restricted)
rElec   .            u - +0 cloak
rCorr   .            (no gloves)
SInv    .            (no boots)
Will    +++..        (no amulet) Stlth
                     j - ring of flight
HPRegen 1.45/turn    (no ring)
MPRegen 0.12/turn

%: no passive effects
@: berserking, strong-willed, flying, regenerating, hasted, very quick
A: horns 2, retaliatory headbutt
a: Renounce Religion, Berserk, Trog's Hand, Brothers in Arms


You were on level 1 of the Lair of Beasts.
You worshipped Trog.
Trog was greatly pleased with you.
You visited 2 branches of the dungeon, and saw 10 of its levels.

You collected 654 gold pieces.

Inventory:

Hand Weapons
 b - a +1 war axe of venom (weapon)
 h - a +2 mace of protection
 i - a +2 sling of flaming
Armour
 s - the +0 scale mail of Pan-Flutes {rPois rC- Will+ Str+4}
   (You found it on level 1 of the Lair of Beasts)

   Str:       It affects your strength (+4).
   rC:        It makes you vulnerable to cold.
   rPois:     It protects you from poison.
   Will:      It increases your willpower.
 t - a +1 robe of willpower (worn)
 u - a +0 cloak (worn)
Jewellery
 j - a ring of flight (left hand)
Wands
 c - a wand of digging (2)
 n - a wand of mindburst (5)
 y - a wand of iceblast (11)
Scrolls
 d - 2 scrolls of teleportation
 k - a scroll of enchant weapon
 o - 3 scrolls of identify
 z - a scroll of amnesia {unknown}
 A - a scroll of vulnerability {unknown}
 B - 2 scrolls of magic mapping
 C - a scroll of fog {unknown}
 D - a scroll of silence
Potions
 a - 3 potions of degeneration {unknown}
 e - 5 potions of haste
 f - a potion of heal wounds {unknown}
 g - a potion of curing
 l - 3 potions of ambrosia
 m - a potion of invisibility {unknown}
 p - 2 potions of might
 q - 2 potions of attraction {unknown}
 r - a potion of berserk rage {unknown}
 v - a potion of flight {unknown}
 w - 2 potions of resistance
 x - 2 potions of magic


   Skills:
 * Level 10.5 Fighting
 * Level 11.4(13.4) Axes
 * Level 11.4(13.4) Maces & Flails
 * Level 6.9 Ranged Weapons
 - Level 0.4 Throwing
 * Level 7.7 Armour
 * Level 7.9 Dodging


You had 10 spell levels left.
You didn't know any spells.
Your spell library contained the following spells:

 Spells                   Type           Power      Damage    Failure   Level
 Freeze                   Ice            0%         1d3       50%         1
 Blink                    Tloc           0%         N/A       65%         2
 Lesser Beckoning         Tloc           0%         N/A       65%         2
 Momentum Strike          Conj/Tloc      0%         3d8       65%         2
 Frozen Ramparts          Ice            0%         1d1       86%         3
 Hailstorm                Conj/Ice       0%         3d3       86%         3
 Blade Hands              Tmut           0%         N/A       100%        5
 Irradiate                Conj/Tmut      0%         3d11      100%        5
 Dragon Form              Tmut           0%         N/A       100%        7


Dungeon Overview and Level Annotations

Branches:
Dungeon (9/15)             Temple (0/1) D:5            Lair (1/5) D:9
    Orc: D:9-12

Altars:
Cheibriados
Elyvilon
Fedhas
Kikubaaqudgha
Okawaru
Qazlal
Ru
Sif Muna
Trog
Uskayaw
Wu Jian
Xom
Zin

Shops:
D:2 ??=*   D:7 :


Innate Abilities, Weirdness & Mutations

You have a pair of horns on your head.
You reflexively headbutt those who attack you in melee.


Message History

You slice the blink frog!!
The blink frog looks as sick as possible!
The blink frog hits you. The komodo dragon bites you!!
The blink frog barely misses you. You furiously retaliate!
You headbutt the blink frog! You slash the blink frog!
You kill the blink frog!
Trog accepts your kill.
You completely miss the komodo dragon. You hit the blink frog.
The blink frog looks as sick as possible!
The blink frog blinks!
The komodo dragon barely misses you.
The komodo dragon attacks as you move away!
The komodo dragon bites you!!
* * * LOW HITPOINT WARNING * * *
You see here a blink frog corpse.
The blink frog blinks!
The blink frog blinks! x2
The komodo dragon attacks as you move away!
The komodo dragon bites you but does no damage.
The blink frog blinks! x2
The blink frog blinks!
The komodo dragon attacks as you move away!
The komodo dragon bites you.
* * * LOW HITPOINT WARNING * * *
You kill the blink frog!
Trog accepts your kill.
The blink frog blinks!
You feel yourself speed up. The komodo dragon closely misses you.
You feel better.
The blink frog blinks!
The komodo dragon completely misses you.
You furiously retaliate!
You headbutt the komodo dragon, but do no damage.
Your skin crawls.
You feel strong-willed. The blink frog barely misses you.
A red film seems to cover your vision as you go berserk!
You feel yourself moving faster!
You feel mighty! The komodo dragon bites you!!
* * * LOW HITPOINT WARNING * * *
The blink frog hits you!
You die...

#####..#...#..#....
............#...#
########........##
#....#....# #........##
§ ##....#.... ...
#####......#.##+.#.
.....#..##........†.....
..........†..§.l@.F#
...##.##..####..F..#
#.........#.....#
#.....)...#.....#
#F..............#
###.##.+###....... ...
... ......... #####.##
.######### ##


You could see a komodo dragon (very poisoned) and 2 blink frogs.

Vanquished Creatures
  Erica (D:8)
  A boulder beetle (Lair:1)
  Pikel (D:4)
  Maurice (D:8)
  2 cane toads (Lair:1)
  The ghost of porpoise the Firebug, a novice DrFE (D:4)
  Psyche (D:8)
  A komodo dragon (Lair:1)
  A troll (D:9)
  6 blink frogs (Lair:1)
  Grinder (D:5)
  A shadow (D:9)
  18 yaks
  2 steam dragons (D:8)
  Edmund (D:5)
  13 water moccasins
  4 ice beasts
  A sky beast (D:7)
  2 black bears
  2 phantoms
  2 centaurs
  3 wolves (D:9)
  3 kobold brigands
  Blork the orc (D:5)
  7 bullfrogs
  A scorpion (D:6)
  14 wights
  8 killer bees
  3 electric eels (D:9)
  A howler monkey (D:6)
  Crazy Yiuf (D:5)
  3 jellies
  4 orc priests
  9 hounds
  A sleepcap (D:5)
  3 iguanas
  7 orc wizards
  13 adders
  A shadow imp (D:7)
  3 white imps
  An ufetubus (D:6)
  3 worms
  2 dart slugs
  29 orcs
  5 ball pythons
  3 bats
  11 endoplasms
  2 giant cockroaches
  11 goblins
  4 hobgoblins
  8 jackals
  4 quokkas
  3 frilled lizards
  22 kobolds
  5 rats
262 creatures vanquished.

Vanquished Creatures (others)
  A butterfly (D:3)
1 creature vanquished.

Grand Total: 263 creatures vanquished

Notes
Turn   | Place    | Note
-------+----------+-------------------------------------------
     0 | D:1      | Glitchless the Minotaur Berserker began the quest for the
                  | Orb.
     0 | D:1      | Reached XP level 1. HP: 19/19 MP: 0/0
   125 | D:1      | Reached XP level 2. HP: 27/27 MP: 1/1
   710 | D:2      | Found Fupy's Jewellery Boutique.
   990 | D:2      | Reached XP level 3. HP: 10/33 MP: 2/2
  1182 | D:2      | Found Jamynn's Assorted Antiques.
  1293 | D:2      | Found Fuerah's Magic Scroll Shoppe.
  1385 | D:2      | Reached ** piety under Trog
  1431 | D:2      | Found Tanym's Magic Scroll Shoppe.
  1773 | D:3      | Found a white marble altar of Elyvilon.
  1814 | D:3      | Reached XP level 4. HP: 17/41 MP: 3/3
  1822 | D:3      | HP: 2/41 [poisoned by an adder]
  2127 | D:3      | Found a snail-covered altar of Cheibriados.
  2177 | D:3      | Reached skill level 5 in Maces & Flails
  2413 | D:3      | Reached skill level 1 in Ranged Weapons
  2953 | D:4      | Found an iron altar of Okawaru.
  3004 | D:4      | Reached XP level 5. HP: 47/47 MP: 4/4
  3060 | D:4      | Found a runed translucent door.
  3066 | D:4      | Noticed a phantom
  3073 | D:4      | Killed a phantom
  3104 | D:4      | Noticed porpoise's ghost (novice DrFE)
  3247 | D:4      | Reached *** piety under Trog
  3259 | D:4      | Reached XP level 6. HP: 49/55 MP: 5/5
  3294 | D:4      | Noticed Pikel
  3306 | D:4      | Killed Pikel
  3307 | D:4      | Reached skill level 5 in Fighting
  3307 | D:4      | Reached XP level 7. HP: 62/62 MP: 6/6
  3708 | D:4      | Killed porpoise's ghost
  3709 | D:4      | Reached XP level 8. HP: 70/70 MP: 7/7
  3711 | D:4      | Found the ring of the Mage {Wiz Archmagi}
  4013 | D:5      | Entered Level 5 of the Dungeon
  4317 | D:5      | Found an ornate altar of the Wu Jian Council.
  4382 | D:5      | Found a shimmering altar of Xom.
  4871 | D:5      | Noticed Grinder
  4880 | D:5      | Killed Grinder
  4969 | D:5      | Reached skill level 5 in Armour
  5038 | D:5      | Noticed Blork the orc
  5045 | D:5      | Reached skill level 5 in Dodging
  5046 | D:5      | Killed Blork the orc
  5116 | D:5      | Found a runed translucent door.
  5117 | D:5      | Noticed Crazy Yiuf
  5211 | D:5      | Noticed Edmund
  5216 | D:5      | Killed Edmund
  5414 | D:5      | Found a staircase to the Ecumenical Temple.
  5441 | D:5      | Found a shimmering blue altar of Sif Muna.
  5612 | D:5      | Killed Crazy Yiuf
  5613 | D:5      | Reached skill level 1 in Axes
  5738 | D:6      | Reached XP level 9. HP: 66/79 MP: 8/8
  5755 | D:6      | Found a glowing silver altar of Zin.
  5807 | D:6      | Reached skill level 10 in Maces & Flails
  6090 | D:6      | Found a hide-covered altar of Uskayaw.
  6812 | D:6      | Found an ancient bone altar of Kikubaaqudgha.
  7233 | D:7      | Found a blossoming altar of Fedhas.
  7251 | D:7      | Reached skill level 5 in Axes
  7710 | D:7      | Reached XP level 10. HP: 60/88 MP: 9/9
  8098 | D:7      | Found a sacrificial altar of Ru.
  8205 | D:7      | Found Ytib's Self-Improvement Boutique.
  8287 | D:8      | Reached skill level 5 in Ranged Weapons
  8510 | D:8      | Found a stormy altar of Qazlal.
  9235 | D:8      | Noticed Psyche
  9243 | D:8      | Killed Psyche
  9349 | D:8      | Noticed Maurice
  9355 | D:8      | Noticed Erica
  9356 | D:8      | Killed Maurice
  9366 | D:8      | Killed Erica
 10719 | D:9      | Reached **** piety under Trog
 10925 | D:9      | Reached XP level 11. HP: 46/97 MP: 10/10
 10945 | D:9      | HP: 3/97 [electric eel/bolt of electricity (4)]
 11688 | D:9      | Found a staircase to the Lair.
 12117 | D:9      | Found a bloodstained altar of Trog.
 12576 | Lair:1   | Entered Level 1 of the Lair of Beasts
 12844 | Lair:1   | Reached skill level 10 in Axes
 12871 | Lair:1   | Found the +8 whip "Snakebite" {venom, curare, rPois}
 13015 | Lair:1   | Identified the +0 scale mail of Pan-Flutes {rPois rC- Will+
                  | Str+4}
 13070 | Lair:1   | Reached skill level 10 in Fighting
 13084 | Lair:1   | HP: 6/148 [yak (12)]
 13098 | Lair:1   | HP: 2/100 [yak (6)]
 13451 | Lair:1   | Noticed a boulder beetle
 13458 | Lair:1   | Killed a boulder beetle
 13612 | Lair:1   | Slain by a blink frog

Illustrated notes

Levels and vault maps discovered:
D:1:      tarquinn_simple_flora_water_d, layout_basic
D:2:      layout_basic, serial_shops, nicolae_shop_tiny_real_fake_doors,
          nicolae_shop_stone, nicolae_shop_rolled_up, shop, hex_medium
D:3:      layout_basic, nicolae_elyvilon_peaceful_grove, kennysheep_slug_shrine,
          minmay_misc_feat_alley
D:4:      layout_gridville, mainiacjoe_overflow_surrounded_room,
          ebering_ghost_inner_flame, uniq_pikel
D:5:      nicolae_cairo_tiling_very_big, layout_cave_pools,
          kennysheep_orc_sif_temple, tgw_xom, lemuel_round_altar,
          lexackson_kobold_supper, uniq_grinder, uniq_blork_the_orc,
          uniq_edmund, uniq_crazy_yiuf_cottage
D:6:      layout_layer_cave, mainiacjoe_overflow_concentric_impassable,
          mainiacjoe_overflow_tiny_flanked, mainiacjoe_overflow_cross_hatched
D:7:      layout_rooms, nicolae_ru_great_annihilating_truth,
          overflow_temple_1_default, nicolae_shop_self_help
D:8:      layout_cave_pods, mainiacjoe_overflow_alcove_1, uniq_erica,
          uniq_psyche, uniq_maurice
D:9:      layout_basic, mainiacjoe_overflow_24_doors, erik_lair_island
Lair:1:   minmay_guarded_unrand_snakebite, layout_chaotic_city,
          hibernation_bobbens, serial_bayou_shore_b,
          infiniplex_staircase_pool_2, grunt_megastairs_3

Skill      XL: |  1  2  3  4  5  6  7  8  9 10 11 |
---------------+----------------------------------+-----
Maces & Flails | 4 5 6 7 8 9 10 11 | 11.4
Fighting       | 4 5 6 7 8 9 10 | 10.5
Armour         | 3 4 5 6 7 |  7.7
Ranged Weapons | 1 2 3 4 5 6 |  6.9
Dodging        | 3 4 5 6 7 |  7.9
Axes           | 1 6 9 11 | 11.4
Throwing       | |  0.4

Action                     |  1- 3 |  4- 6 |  7- 9 | 10-12 || total
---------------------------+-------+-------+-------+-------++-------
  Melee: Mace              |    74 |    73 |    56 |       ||   203
         Headbutt          |    13 |     4 |    34 |    61 ||   112
         Punch             |     1 |       |     2 |     2 ||     5
         War axe           |       |       |   119 |   294 ||   413
   Fire: Arbalest          |       |     9 |       |       ||     9
         Sling             |       |       |       |    33 ||    33
 Invoke: Berserk           |     1 |     1 |     8 |     5 ||    15
         Trog's Hand       |       |     1 |     9 |     5 ||    15
    Use: Scroll            |     9 |       |     9 |       ||    18
         Potion            |       |       |       |     6 ||     6
   Stab: Sleeping          |     1 |       |       |       ||     1
 Armour: Animal skin       |    10 |    14 |     8 |       ||    32
         Robe              |       |       |    28 |    34 ||    62
         Leather armour    |       |       |     1 |       ||     1
  Dodge: Dodged            |    45 |    50 |   142 |   152 ||   389
